 Dungeon Crawl Stone Soup version 0.24-a0-443-g80245de (webtiles) character file.

Game seed: 5872851769348228577

14816 JeffiDaFish the Destroyer (level 11, -14/99 HPs)
             Began as a Grey Draconian Conjurer on June 19, 2019.
             Was a High Priest of Sif Muna.
             Demolished by a dire elephant (27 damage)
             ... on level 2 of the Lair of Beasts on June 21, 2019.
             The game lasted 00:49:32 (19181 turns).

JeffiDaFish the Destroyer (DrCj)                   Turns: 19181, Time: 00:49:33

Health: -14/99     AC: 12    Str: 10    XL:     11   Next: 93%
Magic:  0/33       EV: 12    Int: 19    God:    Sif Muna [*****.]
Gold:   349        SH:  0    Dex: 14    Spells: 14/28 levels left

rFire    . . .     SeeInvis +   h - +6 spear
rCold    . . .     Gourm    .   (no shield)
rNeg     . . .     Faith    .   (armour unavailable)
rPois    .         Spirit   .   l - +0 hat
rElec    +         Reflect  .   (no cloak)
rCorr    .         Harm     .   (no gloves)
MR       .....                  (no boots)
Stlth    ++........             g - amulet of regeneration
HPRegen  0.66/turn              f - ring of see invisible
MPRegen  0.23/turn              u - ring of Nozic {rElec MP+9 Dex+2}

@: no casting
A: walk through water, unfitting armour, unbreathing, cold-blooded, AC +12
a: Stop Divine Energy, Channel Magic, Forget Spell, Renounce Religion


You were on level 2 of the Lair of Beasts.
You worshipped Sif Muna.
Sif Muna was extremely pleased with you.
You were not hungry.

You visited 3 branches of the dungeon, and saw 14 of its levels.

You collected 731 gold pieces.
You spent 382 gold pieces at shops.

Inventory:

Hand Weapons
 e - a +1 dagger of speed
 h - a +6 spear (weapon)
 n - a +0 rapier of electrocution
Armour
 l - a +0 hat (worn)
Magical Staves
 m - an uncursed staff of energy
Jewellery
 f - a ring of see invisible (left hand)
 g - an amulet of regeneration (around neck)
 o - an uncursed ring of positive energy
 u - the ring of Nozic (right hand) {rElec MP+9 Dex+2}
   (You bought it in a shop on level 10 of the Dungeon)

   [ring of magical power]

   It affects your dexterity (+2).
   It insulates you from electricity.
   It affects your magic capacity (+9).
Wands
 a - a wand of acid (12)
 q - a wand of paralysis (6)
 y - a wand of iceblast (10)
Scrolls
 c - 10 scrolls of remove curse
 d - 6 scrolls of identify
 i - 3 scrolls of fear
 j - 4 scrolls of amnesia
 k - 5 scrolls of teleportation
 t - 3 scrolls of fog
 v - a scroll of enchant armour
Potions
 p - 2 potions of cancellation
 r - 2 potions of heal wounds
 s - 3 potions of curing
 w - a potion of agility
 x - a potion of resistance
 z - a potion of brilliance
 A - 2 potions of berserk rage
 B - a potion of flight
 D - a potion of might
Comestibles
 b - 27 rations


   Skills:
 - Level 10.1 Fighting
 + Level 2.6 Polearms
 - Level 1.7 Dodging
 - Level 1.7 Stealth
 + Level 9.2 Spellcasting
 * Level 13.9 Conjurations


You had 14 spell levels left.
You knew the following spells:

 Your Spells              Type           Power        Failure   Level  Hunger
a - Magic Dart            Conj           ####         1%          1    None
b - Searing Ray           Conj           ######       1%          2    None
c - Dazzling Spray        Conj/Hex       #####.       1%          3    None
d - Iskenderun's Mystic   Conj           ######..     1%          4    ###....
e - Force Lance           Conj/Tloc      #####...     4%          4    ###....

Your spell library contained the following spells:

 Spells                   Type           Power        Failure   Level  Hunger
 Fulminant Prism          Conj/Hex       #####.....   4%          4    ###....
 Animate Skeleton         Necr           N/A          9%          1    None
 Pain                     Necr           #...         9%          1    None
 Blink                    Tloc           N/A          12%         2    None
 Shroud of Golubria       Chrm/Tloc      #.....       12%         2    None
 Gell's Gravitas          Tloc           #.........   24%         3    None
 Lesser Beckoning         Tloc           #.........   24%         3    None
 Regeneration             Chrm/Necr      #.........   24%         3    None
 Teleport Other           Tloc           #.......     24%         3    None
 Vampiric Draining        Necr           #.........   24%         3    None
 Animate Dead             Necr           N/A          63%         4    ###....
 Passage of Golubria      Tloc           N/A          63%         4    ###....


Dungeon Overview and Level Annotations

Branches:
Dungeon (11/15)            Temple (1/1) D:4            Lair (2/6) D:11
  Snake (0/4) Lair:2          Orc (0/2) D:9
  Swamp: Lair:2-4    Shoals: Lair:2-4

Altars:
Ashenzari
Cheibriados
Elyvilon
Fedhas
Gozag
Hepliaklqana
Kikubaaqudgha
Makhleb
Nemelex Xobeh
Okawaru
Qazlal
Ru
Sif Muna
Trog
Uskayaw
Xom
Yredelemnul
Zin
The Shining One

Shops:
D:4 *   D:9 %   D:10 =   D:11 [


Innate Abilities, Weirdness & Mutations

You can walk through water.
Your dull iron-grey scales are very hard. (AC +12)
You cannot fit into any form of body armour.
You can survive without breathing.
You are cold-blooded and may be slowed by cold attacks.


Message History

* * * LOW HITPOINT WARNING * * *
Casting: Dazzling Spray (safe; 1% risk of failure)
Confirm with . or Enter, or press ? or * to list all spells.
Aiming: Iskenderun's Mystic Blast (safe; 1% risk of failure)
Press: ? - help, Shift-Dir - straight line, f/p - dire elephant
Aim: a dire elephant (severely wounded)
The orb of energy hits the dire elephant but does no damage.
The dire elephant is severely wounded.
The orb of energy explodes!
The dire elephant barely misses you. The dire elephant closely misses you.
Casting: Iskenderun's Mystic Blast (safe; 1% risk of failure)
Confirm with . or Enter, or press ? or * to list all spells.
Aiming: Iskenderun's Mystic Blast (safe; 1% risk of failure)
Press: ? - help, Shift-Dir - straight line, f/p - dire elephant
Aim: a dire elephant (severely wounded)
The orb of energy hits the dire elephant!
The dire elephant is almost dead.
Sif Muna grants you divine energy.
You briefly lose access to your magic!
The dire elephant tramples you!!
You die...

##..###P.###..................
#..........##.................
##......>.....................
#..#......PP.................
#...#......#.................
##...#......#............♣♣♣♣.
#...###.#.###...........♣♣ ♣P.
##..###....#..........♣♣♣ ♣♣..
#...........@Y..<....♣ ♣♣...
#...................♣♣ ♣....
#..................♣♣ ♣♣...≈
#...................♣ ♣....≈
##..####+.##........♣♣ ♣♣....≈
#..##....###.........♣ ♣......
#..#......##........♣♣ ♣P.....
##.#................♣ ♣♣.....≈
#........##........♣♣♣.....≈≈


You could see a dire elephant.

Vanquished Creatures
  A hydra (D:8)
  A catoblepas (Lair:2)
  An unseen horror (D:11)
  An oklob plant (D:11)
  A cyclops (D:11)
  An elephant (Lair:2)
  A black mamba (Lair:1)
  A spiny frog (Lair:2)
  2 kobold demonologists (D:11)
  A hornet (D:11)
  A blink frog (Lair:2)
  3 dream sheep
  3 hippogriffs
  A shadow (D:9)
  6 yaks
  A wyvern (D:10)
  A hungry ghost (D:10)
  4 nagas (Lair:2)
  4 water moccasins
  2 porcupines
  10 orc warriors
  3 ice beasts
  2 sky beasts
  2 black bears
  4 phantoms
  5 ogres
  3 centaurs (D:8)
  3 crocodiles
  3 big kobolds (D:8)
  10 bullfrogs
  4 scorpions
  20 killer bees
  6 howler monkeys
  6 electric eels
  3 crimson imps
  A bullfrog zombie (D:6)
  4 hounds
  2 quasits
  2 jellies
  7 orc priests
  13 orc wizards
  5 iguanas
  12 worker ants
  2 hound zombies
  4 gnolls (D:3)
  13 adders
  A howler monkey skeleton (D:4)
  An ooze (D:2)
  4 adder zombies
  3 adder skeletons
  5 worms
  A dart slug (D:2)
  4 leopard geckos
  56 orcs
  8 bats
  8 giant cockroaches
  10 goblins
  9 hobgoblins
  15 jackals
  3 kobolds
  4 quokkas
  2 ball pythons
  13 frilled lizards
  A quokka zombie (D:6)
  7 rats
  A fungus (Lair:1)
  A plant (D:11)
343 creatures vanquished.

Vanquished Creatures (others)
  2 fungi (Lair:2)
  A plant (Lair:2)
  10 toadstools (Lair:2)
13 creatures vanquished.

Grand Total: 356 creatures vanquished

Notes
Turn   | Place    | Note
-------+----------+-------------------------------------------
     0 | D:1      | JeffiDaFish the Draconian Conjurer began the quest for the
                  | Orb.
     0 | D:1      | Reached XP level 1. HP: 14/14 MP: 3/3
   314 | D:1      | Reached XP level 2. HP: 21/22 MP: 0/5
   533 | D:1      | Learned a level 2 spell: Searing Ray
   749 | D:1      | Reached skill level 1 in Fighting
  1131 | D:1      | Reached XP level 3. HP: 23/28 MP: 2/6
  1203 | D:1      | Learned a level 3 spell: Dazzling Spray
  2043 | D:2      | Found a sacrificial altar of Ru.
  2116 | D:2      | Reached XP level 4. HP: 5/36 MP: 1/7
  2438 | D:2      | Reached skill level 5 in Conjurations
  3289 | D:2      | Reached XP level 5. HP: 42/42 MP: 2/9
  3417 | D:2      | Found a sparkling altar of Nemelex Xobeh.
  4377 | D:3      | Found a burning altar of Makhleb.
  4468 | D:3      | Reached XP level 6. HP: 51/51 MP: 5/11
  4489 | D:3      | Reached skill level 6 in Conjurations
  4624 | D:3      | Found a shattered altar of Ashenzari.
  5789 | D:4      | Your scales start taking on a dull iron-grey colour.
  5789 | D:4      | Reached XP level 7. HP: 58/58 MP: 12/12
  5789 | D:4      | Gained mutation: You can survive without breathing. [Grey
                  | Draconian growth]
  5825 | D:4      | Found an opulent altar of Gozag.
  5830 | D:4      | Found Gozag's Platinum Reserve.
  5925 | D:4      | Learned a level 4 spell: Iskenderun's Mystic Blast
  5991 | D:4      | Reached skill level 7 in Conjurations
  6066 | D:4      | Found a faded altar of an unknown god.
  6068 | D:4      | Found a staircase to the Ecumenical Temple.
  6195 | Temple   | Entered the Ecumenical Temple
  6225 | Temple   | Became a worshipper of Sif Muna the Loreminder
  6343 | D:4      | Found a white marble altar of Elyvilon.
  6581 | D:4      | Found a blossoming altar of Fedhas.
  6581 | D:4      | Found a shimmering altar of Xom.
  6741 | D:4      | Found a basalt altar of Yredelemnul.
  6921 | D:5      | Entered Level 5 of the Dungeon
  7205 | D:5      | Reached XP level 8. HP: 67/67 MP: 11/15
  7582 | D:5      | Reached skill level 5 in Fighting
  7582 | D:5      | Reached skill level 8 in Conjurations
  7588 | D:5      | Learned a level 4 spell: Force Lance
  7590 | D:5      | Reached * piety under Sif Muna
  8249 | D:6      | Reached skill level 5 in Spellcasting
  8506 | D:6      | Reached skill level 9 in Conjurations
  9343 | D:7      | Reached XP level 9. HP: 41/75 MP: 7/17
  9359 | D:7      | Reached ** piety under Sif Muna
 10787 | D:8      | Reached skill level 10 in Conjurations
 11261 | D:8      | Found a glowing silver altar of Zin.
 11598 | D:8      | Reached *** piety under Sif Muna
 11654 | D:8      | Reached XP level 10. HP: 73/88 MP: 6/20
 11657 | D:8      | Reached skill level 11 in Conjurations
 11779 | D:8      | Noticed a two-headed hydra
 11809 | D:8      | Killed a two-headed hydra
 12801 | D:9      | Reached **** piety under Sif Muna
 12812 | D:9      | Got a translucent cloak
 12816 | D:9      | Identified the +1 cloak of Guoreqob {Str+3 Int-5 Dex+2}
                  | (You found it on level 9 of the Dungeon)
 13260 | D:9      | Reached skill level 12 in Conjurations
 13897 | D:9      | Found a bloodstained altar of Trog.
 13930 | D:9      | Found Cimeriosma's Food Emporium.
 14374 | D:9      | Found a staircase to the Orcish Mines.
 14672 | D:10     | Entered Level 10 of the Dungeon
 14820 | D:10     | Found Yngotali's Jewellery Shop.
 14842 | D:10     | Bought the ring of Nozic {rElec MP+9 Dex+2} for 382 gold
                  | pieces
 15165 | D:10     | Reached XP level 11. HP: 97/97 MP: 15/23
 15419 | D:11     | Found a snail-covered altar of Cheibriados.
 15568 | D:11     | Found a staircase to the Lair.
 15568 | D:11     | Noticed an oklob plant
 15598 | D:11     | Killed an oklob plant
 15912 | D:11     | Reached ***** piety under Sif Muna
 16212 | D:11     | Killed an unseen horror
 16212 | D:11     | Reached skill level 13 in Conjurations
 16327 | D:11     | Found Cheibriados's Comfort Zone.
 16569 | Lair:1   | Entered Level 1 of the Lair of Beasts
 16732 | Lair:1   | Reached skill level 10 in Fighting
 16881 | Lair:1   | Received a gift from Sif Muna
 16890 | Lair:1   | Upgraded the game from 0.24-a0-441-g27f0392 to
                  | 0.24-a0-443-g80245de
 17932 | Lair:2   | Found a staircase to the Snake Pit.
 17949 | Lair:2   | Reached skill level 1 in Polearms
 18499 | Lair:2   | Found a runed translucent door.
 18637 | Lair:2   | Noticed a dire elephant
 18637 | Lair:2   | Noticed a catoblepas
 18972 | Lair:2   | Killed a catoblepas
 19181 | Lair:2   | Demolished by a dire elephant

Levels and vault maps discovered:
D:1:      dpeg_arrival_chambers_temple_mockup, layout_loops_ring,
          minmay_stone_trees_small, minmay_lizard_pond
D:2:      layout_rooms, nicolae_ru_the_path_less_chosen,
          nemelex_dance_club_becter
D:3:      layout_basic, makhleb_heckhound_becter, evilmike_ruin_ashenzari
D:4:      layout_loops_ring, kennysheep_ying_yang,
          gammafunk_temple_overflow_wave, nicolae_temple_entry_ecumenical,
          first_ration, nicolae_gozag_zags_fifth_avenue
D:5:      layout_gridville, solitary_fountain
D:6:      layout_rooms
D:7:      layout_loops_ring
D:8:      nicolae_whirlpool, layout_loops_cross, kennysheep_little_box,
          hangedman_ranch [blue_anna_fruit_fields]
D:9:      layout_irregular_city, erik_orc_2, serial_shops,
          nicolae_shop_waterfront, kennysheep_donut, trog_book
D:10:     layout_loops_ring, serial_shops, shop
D:11:     layout_basic, dpeg_oklobed_lair, minmay_shop_chei
Temple:   regret_index_temple_waves
Lair:1:   layout_loops_ring, lemuel_old_faithful, grunt_megastairs_2
Lair:2:   gammafunk_lair_enchanted_lake, layout_regular_city,
          guppyfry_snake_entry_island

Skill      XL: |  1  2  3  4  5  6  7  8  9 10 11 |
---------------+----------------------------------+-----
Fighting       | 1 2 3 4 6 7 9 10 | 10.1
Conjurations   | 5 6 7 9 10 12 13 | 13.9
Spellcasting   | 3 4 5 6 8 9 |  9.2
Polearms       | 2 |  2.6
Dodging        | |  1.7
Stealth        | |  1.7

Action                   |  1- 3 |  4- 6 |  7- 9 | 10-12 || total
-------------------------+-------+-------+-------+-------++-------
Melee: Unarmed           |    32 |       |       |       ||    32
       Tailslap          |     5 |    12 |    29 |    18 ||    64
       Whip              |    25 |    73 |       |       ||    98
       Dagger            |       |    49 |       |       ||    49
       Spear             |       |     7 |   365 |   273 ||   645
 Cast: Magic Dart        |    58 |    35 |    10 |    56 ||   159
       Searing Ray       |     5 |    21 |    13 |    38 ||    77
       Dazzling Spray    |       |     1 |    19 |    22 ||    42
       Iskenderun's Myst |       |       |    29 |   114 ||   143
       Force Lance       |       |       |     4 |     3 ||     7
Invok: Divine Energy     |       |       |     1 |       ||     1
  Use: Scroll            |     3 |     3 |     8 |     7 ||    21
       Potion            |     2 |     3 |     7 |     4 ||    16
 Stab: Sleeping          |       |     2 |     6 |     5 ||    13
       Invisible         |       |       |     1 |     5 ||     6
       Distracted        |       |       |       |     1 ||     1
  Eat: Chunk             |     5 |    12 |    23 |    25 ||    65
       Ration            |       |       |     1 |     3 ||     4
Armor: Skin              |    52 |    61 |   145 |   155 ||   413
Dodge: Dodged            |    76 |   144 |   261 |   257 ||   738

Table legend:
 A = Non-vault XP
 B = Vault XP
 C = Vault XP percentage of total XP
 D = Non-vault monster count
 E = Vault monster count
 F = Vault count percentage of total count
                 A         B        C        D         E       F
            +---------+---------+-------+---------+---------+-------
      Total |   13454 |    7712 |  36.4 |     281 |      60 |  17.6
            +---------+---------+-------+---------+---------+-------
        D:1 |      42 |      10 |  19.2 |      23 |      10 |  30.3
        D:2 |     165 |      10 |   5.7 |      24 |       2 |   7.7
        D:3 |     422 |      46 |   9.8 |      43 |       1 |   2.3
        D:4 |     614 |       0 |   0.0 |      20 |       0 |   0.0
        D:5 |     613 |       0 |   0.0 |      19 |       0 |   0.0
        D:6 |     786 |       0 |   0.0 |      24 |       0 |   0.0
        D:7 |     776 |       0 |   0.0 |      14 |       0 |   0.0
        D:8 |    2007 |    2353 |  54.0 |      36 |       9 |  20.0
        D:9 |    1737 |     690 |  28.4 |      27 |      21 |  43.8
       D:10 |     870 |       0 |   0.0 |       8 |       0 |   0.0
       D:11 |    3353 |     958 |  22.2 |      29 |       3 |   9.4
     Lair:1 |    1238 |     357 |  22.4 |       8 |       2 |  20.0
     Lair:2 |     831 |    3288 |  79.8 |       6 |      12 |  66.7
            +---------+---------+-------+---------+---------+-------
